cohdb
Replays
Latest Replays
All Replays
Popular Replays
Top Player Replays
Match Explorer
How It Works
Community
CoH3 Stats
Reddit
Sign in to upload your games and track your stats! →
Sign in with Steam
Match 38224030
Unlisted
Match 38224030
Overview
Messages
Build Orders
End
Construct Infanterie Kompanie
Kettenkrad Recon Vehicle
MG 42 Machine Gun Team
Grenadier Squad
GrW 34 Mortar Team
Construct Panzergrenadier Kompanie
Panzergrenadier Squad
251 Medium Carrier
Support Elements
Selects Mechanized Battlegroup
Selects Raid Package
Panzergrenadier Squad
StuG III G Assault Gun
Selects StuG Assault Group
StuG Assault Group
Panzergrenadier Officer Quarters
Selects Mobile Repair Stations
Selects UNKNOWN (2160084)
Clay
mengom
dalidalia
EDSHOT MACHIIIINE!!!!
LEV-Detahaven
Jishinki
北洋水师
4113
0
0
Comments
sign in to comment!
No comments posted yet!